 Dungeon Crawl Stone Soup version 0.19.1 (webtiles) character file.

82 SQman the Skirmisher (level 4, -7/42 HPs)
             Began as a Draconian Wanderer on Dec 21, 2016.
             Mangled by a gnoll
             ... wielding a +0 halberd
              (12 damage)
             ... on level 2 of the Dungeon.
             The game lasted 00:06:52 (1376 turns).

SQman the Skirmisher (Draconian Wanderer)           Turns: 1376, Time: 00:06:53

Health: -7/42      AC:  6    Str: 14    XL:     4   Next: 21%
Magic:  4/4        EV: 14    Int: 12    God:
Gold:   87         SH:  0    Dex: 16    Spells: 0 memorised, 3 levels left

rFire  . . .     SeeInvis .     a - +2 short sword
rCold  . . .     Gourm    .     (armour unavailable)
rNeg   . . .     Faith    .     (no shield)
rPois  .         Spirit   .     (helmet restricted)
rElec  .         Reflect  .     m - +0 cloak
rCorr  .         Harm     .     (no gloves)
MR     .....                    (no boots)
Stlth  ++........               (no amulet)
                                n - +2 ring of evasion
                                e - +4 ring of dexterity

@: no status effects
A: unfitting armour, cold-blooded, AC +5
a: no special abilities


You were on level 2 of the Dungeon.
You were not hungry.

You visited 1 branch of the dungeon, and saw 2 of its levels.

You collected 87 gold pieces.

Inventory:

Hand Weapons
 a - a +2 short sword (weapon)
 b - a +0 hand axe
 g - a +1 dagger of protection
Armour
 m - a +0 cloak (worn)
Jewellery
 e - a +4 ring of dexterity (left hand)
 n - a +2 ring of evasion (right hand)
 q - an uncursed ring of magical power
Wands
 k - a wand of lightning (10/15)
Scrolls
 c - a scroll of teleportation
 i - 3 scrolls of remove curse
 o - a scroll of identify
Potions
 l - a potion of flight
Comestibles
 d - a bread ration
 f - a chunk of flesh
 h - 2 royal jellies
 j - a slice of pizza


   Skills:
 + Level 5.4 Fighting
 + Level 2.8 Short Blades
   Level 2.0 Maces & Flails
 + Level 1.2 Dodging
 + Level 1.2 Stealth
   Level 1.0 Shields


You had 3 spell levels left.
You didn't know any spells.

Dungeon Overview and Level Annotations

Branches:
Dungeon (2/15)

Altars:


Innate Abilities, Weirdness & Mutations

Your plain brown scales are hard. (AC +5)
You cannot fit into any form of body armour.
You are cold-blooded and may be slowed by cold attacks.


Message History

The gnoll is moderately wounded.
The gnoll closely misses you. The gnoll misses you.
The gnoll hits you from afar with a halberd.
* * * LOW HITPOINT WARNING * * *
You hit the gnoll.
The gnoll is moderately wounded.
The gnoll hits you with a spear.
* * * LOW HITPOINT WARNING * * *
The gnoll misses you.
You hit the gnoll.
The gnoll is heavily wounded.
The gnoll barely misses you.
The gnoll hits you from afar with a halberd.
* * * LOW HITPOINT WARNING * * *
The gnoll closely misses you.
You completely miss the gnoll. You tail-slap the gnoll.
The gnoll is heavily wounded.
The gnoll barely misses you.
The gnoll hits you from afar with a halberd!
You die...

#.# #.# #.......#.#.. #.#
#.####.........#.. #.####
#.##......<.##.#.. #..>.#
#.##...........#..
####.######.##........##.#..
#.......#.##..########.#..
#..####...<#..# #.#..
#.#####..######.##..########.#..
#.............g@##...........###
###############g###.#######.....
#.............g............)...
#.##############.#.###.########
#.# #............# #.... #.#
#.##.###.###.# #.### #.#
#.##.#.....#.# #.# #.#
#....#.....#.# #.# #.#
####.....>...# #.#


You could see 3 gnolls.

Vanquished Creatures
  A gnoll (D:2)
  2 adders (D:2)
  An ooze (D:1)
  A worm (D:2)
  2 dart slugs
  2 leopard geckos (D:2)
  3 giant cockroaches (D:2)
  7 goblins
  4 hobgoblins
  7 bats
  2 frilled lizards (D:1)
  5 kobolds
  6 rats
43 creatures vanquished.

Notes
Turn   | Place    | Note
-------+----------+-------------------------------------------
     0 | D:1      | SQman the Draconian Wanderer began the quest for the Orb.
     0 | D:1      | SQman set off with: a +2 short sword, a +0 hand axe, a scroll of teleportation, a bread ration
     0 | D:1      | Reached XP level 1. HP: 22/22 MP: 1/1
   134 | D:1      | Reached XP level 2. HP: 21/28 MP: 2/2
   389 | D:1      | Reached skill level 5 in Fighting
   528 | D:2      | Reached XP level 3. HP: 36/36 MP: 3/3
  1161 | D:2      | Reached skill level 1 in Dodging
  1252 | D:2      | Reached XP level 4. HP: 41/42 MP: 4/4
  1376 | D:2      | Mangled by a gnoll

Skill      XL: |  1  2  3 |
---------------+----------+-----
Fighting       | 5 |  5.4
Dodging        | 1 |  1.2
Short Blades   | |  2.8
Maces & Flails | |  2.0
Stealth        | |  1.2
Shields        | |  1.0

Action                   |  1- 3 |  4- 6 || total
-------------------------+-------+-------++-------
Melee: Short sword       |   111 |    18 ||   129
       Tailslap          |     6 |     4 ||    10
       Dagger            |     1 |       ||     1
Evoke: Wand              |     1 |       ||     1
  Use: Potion            |     4 |       ||     4
       Scroll            |     5 |       ||     5
  Eat: Chunk             |     1 |     1 ||     2
Armor: Skin              |    44 |     2 ||    46
Dodge: Dodged            |    81 |    17 ||    98
